 Dungeon Crawl Stone Soup version 0.30-a0-728-gc68057b (webtiles) character file.

Game seed: 18240012040073096115

161974 Illumine the Nimble (level 17, 0/138 HPs)
             Began as a Gnoll Monk on Jan 26, 2023.
             Was an Initiate of Gozag.
             Succumbed to a nagaraja's poison arrow
             ... on level 4 of the Snake Pit on Jan 31, 2023.
             The game lasted 01:23:42 (30770 turns).

Illumine the Nimble (Gnoll Monk)                   Turns: 30770, Time: 01:23:43

Health: 0/138      AC: 39    Str: 25    XL:     17   Next: 80%
Magic:  33/33      EV: 17    Int:  9    God:    Gozag
Gold:   4034       SH: 13    Dex: 15    Spells: 38/40 levels left

rFire   . . .      SeeInvis +    S - +7 demon trident (heavy)
rCold   . . .      Faith    .    O - +1 kite shield of the Devouring Gods {rPois Regen+ rCorr}
rNeg    + + +      Spirit   .    B - +11 plate armour of Aqonics {rN+ Slay+3}
rPois   +          Reflect  .    r - +2 helmet {SInv}
rElec   .          Harm     .    V - +2 cloak {Will+}
rCorr   +          Rampage  .    M - +2 pair of gloves
Will    +++++      Clarity  +    Z - +2 pair of slick slippers {slick, slippery, EV+5}
Stlth   +                        s - amulet of the Four Winds {rN+ Will+++ Clar}
HPRegen 1.23/turn                e - ring "Joan" {rN+ Will+ rCorr}
MPRegen 0.23/turn                b - +6 ring of strength

@: lethally poisoned (0 -> -10), gold aura
A: fangs 1, strong nose, distributed training
a: Renounce Religion, Potion Petition, Call Merchant, Bribe Branch


You were on level 4 of the Snake Pit.
You worshipped Gozag.
Gozag was most pleased with you.
You visited 6 branches of the dungeon, and saw 28 of its levels.
You also visited: Bailey and Volcano.

You collected 10008 gold pieces.
You spent 1823 gold pieces at shops.
You paid 4151 gold pieces to Gozag.

Inventory:

Hand Weapons
 S - a +7 heavy demon trident (weapon)
Missiles
 m - 13 boomerangs
 J - 5 silver javelins
 R - 7 javelins (quivered)
Armour
 r - a +2 helmet of see invisible (worn)
 B - the +11 plate armour of Aqonics (worn) {rN+ Slay+3}
   (You took it off an orc on level 6 of the Dungeon)

   Slay:      It affects your accuracy & damage with ranged weapons and melee
   (+3).
   rN:        It protects you from negative energy.
 M - a +2 pair of gloves (worn)
 O - the +1 kite shield of the Devouring Gods (worn) {rPois Regen+ rCorr}
   (You bought it in a shop on level 1 of the Lair of Beasts)

   rPois:     It protects you from poison.
   Regen:     It increases your rate of health regeneration.
   rCorr:     It protects you from acid and corrosion.
 U - the +1 pair of boots of Disguise {rElec rF+++ MP-9 SInv}
   (You found it on level 2 of the Lair of Beasts)

   rF:        It renders you almost immune to fire.
   rElec:     It insulates you from electricity.
   MP:        It affects your magic capacity (-9).
   SInv:      It lets you see invisible.
 V - a +2 cloak of willpower (worn)
 Z - the +2 pair of slick slippers (worn) {slick, slippery, EV+5}
   (You found it in a bailey)

   Slick:     Its wearer cannot be constricted, engulfed, netted or webbed.
   Slippery:  It slips away from damaging melee attacks, pulling the attacker
   onward.
   EV:        It affects your evasion (+5).
Jewellery
 b - a +6 ring of strength (right hand)
 e - the ring "Joan" (left hand) {rN+ Will+ rCorr}
   (You found it on level 2 of the Snake Pit)

   [ring of willpower]

   rN:        It protects you from negative energy.
   rCorr:     It protects you from acid and corrosion.
   Will:      It increases your willpower.
 o - the ring of Junoyrim {rN+ SInv}
   (You found it on level 10 of the Dungeon)

   [ring of positive energy]

   rN:        It protects you from negative energy.
   SInv:      It lets you see invisible.
 s - the amulet of the Four Winds (around neck) {rN+ Will+++ Clar}
   (You bought it in a shop on level 1 of the Snake Pit)

   [amulet of nothing]

   rN:        It protects you from negative energy.
   Clar:      It protects you against confusion.
   Will:      It greatly increases your willpower.
 X - a ring of protection from fire
 Y - a ring of poison resistance
Wands
 p - a wand of polymorph (28)
 v - a wand of paralysis (4)
 H - a wand of roots (30)
 I - a wand of digging (8)
 L - a wand of flame (21)
 W - a wand of acid (18)
Scrolls
 a - 5 scrolls of fear
 d - 3 scrolls of immolation
 f - 2 scrolls of fog
 h - 10 scrolls of teleportation
 j - 7 scrolls of blinking
 n - 7 scrolls of poison
 t - 7 scrolls of vulnerability
 u - 3 scrolls of magic mapping
 x - a scroll of brand weapon
 y - 3 scrolls of silence
 C - a scroll of torment
 K - 7 scrolls of identify
 T - a scroll of butterflies
Potions
 c - 4 potions of ambrosia
 g - 14 potions of curing
 i - 7 potions of attraction
 k - 5 potions of lignification
 l - 2 potions of resistance
 q - 7 potions of heal wounds
 w - 3 potions of might
 A - 7 potions of brilliance
 D - 5 potions of invisibility
 F - a potion of mutation {unknown}
 G - 2 potions of berserk rage
 N - 3 potions of flight
 P - 7 potions of haste
Miscellaneous
 z - a phantom mirror
 E - a phial of floods
 Q - a tin of tremorstones (1/2)


   Skills:
 + Level 13.8 Fighting
 + Level 12.3 Short Blades
 + Level 12.3 Long Blades
 + Level 12.3 Axes
 + Level 12.3 Maces & Flails
 + Level 13.8 Polearms
 + Level 12.3 Staves
 + Level 12.3 Ranged Weapons
 + Level 12.3 Throwing
 + Level 12.3 Armour
 + Level 13.8 Dodging
 + Level 13.0 Stealth
 + Level 12.3 Shields
 + Level 12.3 Unarmed Combat
 + Level 12.3 Spellcasting
 + Level 10.4 Conjurations
 + Level 10.4 Hexes
 + Level 10.4 Summonings
 + Level 10.4 Necromancy
 + Level 10.4 Translocations
 + Level 10.4 Transmutations
 + Level 10.4 Fire Magic
 + Level 10.4 Ice Magic
 + Level 10.4 Air Magic
 + Level 10.4 Earth Magic
 + Level 10.4 Poison Magic
 + Level 13.3 Invocations
 + Level 12.3 Evocations


You had 38 spell levels left.
You knew the following spells:

 Your Spells              Type           Power      Damage    Failure   Level
a - Blink                 Tloc           48%        N/A       4%          2

Your spell library contained the following spells:

 Spells                   Type           Power      Damage    Failure   Level
 Beastly Appendage        Tmut           48%        N/A       2%          1
 Kiss of Death            Conj/Necr      96%        2d12      2%          1
 Sandblast                Erth           48%        2d12      2%          1
 Shock                    Conj/Air       96%        1d9       2%          1
 Sting                    Tmut/Pois      96%        1d7       2%          1
 Lesser Beckoning         Tloc           48%        N/A       4%          2
 Momentum Strike          Conj/Tloc      48%        3d9       4%          2
 Passwall                 Tmut/Erth      20%        N/A       4%          2
 Confusing Touch          Hex            24%        N/A       9%          3
 Hailstorm                Conj/Ice       24%        3d7       9%          3
 Kindle Blastsparks       Fire/Tloc/Air  48%        2d14      9%          3
 Mephitic Cloud           Conj/Pois/Air  24%        N/A       9%          3
 Spider Form              Tmut/Pois      24%        N/A       9%          3
 Stone Arrow              Conj/Erth      48%        3d10      9%          3
 Swiftness                Air            24%        N/A       9%          3
 Airstrike                Air            12%        2d(2-18)  28%         4
 Dispel Undead            Necr           24%        3d12      28%         4
 Fulminant Prism          Conj/Hex       12%        3d9       28%         4
 Iskenderun's Mystic Bla  Conj/Tloc      24%        2d7       28%         4
 Blade Hands              Tmut           12%        N/A       61%         5
 Freezing Cloud           Conj/Ice/Air   12%        6-21      61%         5
 Irradiate                Conj/Tmut      12%        3d15      61%         5
 Iskenderun's Battlesphe  Conj           24%        2d8       61%         5
 Lee's Rapid Deconstruct  Erth           12%        3d8*      61%         5
 Yara's Violent Unravell  Hex/Tmut       12%        3d7       61%         5
 Dragon Form              Tmut           12%        N/A       100%        7
 Enfeeble                 Hex            12%        N/A       100%        7
 Storm Form               Tmut/Air       12%        N/A       100%        7
 Necromutation            Tmut/Necr      12%        N/A       100%        8
 Polar Vortex             Ice            12%        N/A       100%        9
 Simulacrum               Ice/Necr       Unusable   N/A       N/A         6

Dungeon Overview and Level Annotations

Branches:
Dungeon (15/15)            Temple (1/1) D:4            Lair (5/5) D:9
 Shoals (1/4) Lair:2        Snake (4/4) Lair:3        Slime (0/5) Lair:5
    Orc (2/2) D:10            Elf (0/3) Orc:2        Vaults (0/5) D:14
 Depths (0/4) D:15         Bailey (visited)         Volcano (visited)

Altars:
Ashenzari
Cheibriados
Dithmenos
Elyvilon
Fedhas
Gozag
Hepliaklqana
Kikubaaqudgha
Makhleb
Nemelex Xobeh
Okawaru
Qazlal
Ru
Sif Muna
Trog
Uskayaw
Vehumet
Wu Jian
Xom
Yredelemnul
Zin
The Shining One

Shops:
D:7 *   Orc:2 [?(*   Lair:1 =[   Lair:2 [   Shoals:1 =   Snake:1 :==*

Portals:
Trove: D:11 (give +7 demon whip)

Annotations:
D:7 2 transporters, ERRORd11's ghost, amateur TrFi
D:11 4 transporters


Innate Abilities, Weirdness & Mutations

You have very sharp teeth.
Your uncanny sense of smell can sniff out nearby items.
Your experience applies equally to all skills.


Message History

The naga warrior hits you with a +0 mace!
You barely miss the nagaraja.
The nagaraja is heavily wounded.
You feel sick.
The nagaraja is no longer distracted by gold.
You block the nagaraja's attack. The nagaraja casts a spell at you.
The bolt of poison hits you but does no damage.
You are more poisoned.
You resist.
The bolt of poison hits the naga warrior!
The naga warrior completely misses you.
A naga mage comes into view. It is wielding a +0 club.
You stick the nagaraja like a pincushion!!!
The nagaraja is almost dead.
You feel very sick. The nagaraja completely misses you.
The naga mage points at the naga warrior and mumbles some strange words.
The naga warrior roars a battlecry!
The nagas go into a battle-frenzy!
You block the nagaraja's attack.
You impale the nagaraja!!
You kill the nagaraja!
You feel very sick.
The nagaraja hits you but does no damage.
The nagaraja hits you with a +0 whip!!
* * * LOW HITPOINT WARNING * * *
You slip backwards!
You feel sick.
The nagaraja gestures at you while chanting.
The poison arrow hits you!!
You are more poisoned.
You partially resist.
* * * LOW HITPOINT WARNING * * *
Items here: $ )) [.
Blink to where?
Press: ? - help, Dir - move target
As you read the scroll of blinking, it crumbles to dust.
You die...
Your body crumbles into a pile of gold.

.......###.##...#####.# #......
#......##.............####......#
###....##........)#.).##.$..#...#
# #######.......).[.)...(#.##..(.
########........))#####..........
...?)[[[........<## #).....#...
..######[##......# #.N.N....#
###...#...##.....# #NNN...#...
.#..............@######N#N...# .
<#........##..........ยง$#....#
.#.....####...........####...#
.#.#...#....#############..$##...
#..#.###))..# #...........
.......))[..# #.........NN...
...######...# ...#.....NN.S..
#...# ##### .. #..#.N...#.. #...#
#...N.N.....


There were no monsters in sight!

Vanquished Creatures
  Nikola (Snake:2)
  Kirke (D:14)
  3 nagarajas
  Aizul (Snake:1)
  2 orc warlords
  Nessos (D:14)
  Azrael (D:14)
  A dire elephant (D:15)
  A fire dragon (Volcano)
  A rakshasa (D:10)
  3 vault guards (D:14)
  6 hydras
  9 anacondas
  3 catoblepae (Lair:5)
  6 centaur warriors
  An ogre mage (D:15)
  6 boulder beetles
  9 two-headed ogres
  A death knight (D:15)
  A hell hog (Volcano)
  12 naga warriors
  3 shock serpents
  13 death yaks
  Urug (Lair:2)
  3 orc high priests (Orc:2)
  11 naga sharpshooters
  7 skeletal warriors
  3 sea snakes (Snake:1)
  6 salamander mystics
  A fire crab (shapeshifter) (D:15)
  A deep elf pyromancer (Bailey)
  A wizard (D:14)
  3 naga ritualists (Snake:3)
  2 orc knights
  A harpy (shapeshifter) (D:15)
  3 phantasmal warriors (D:15)
  25 ugly things
  2 orc sorcerers (Orc:2)
  5 mana vipers
  6 cyclopes
  4 manticores
  A wolf spider (D:15)
  13 salamanders
  Maurice (D:10)
  3 guardian serpents
  27 black mambas
  Joseph (D:10)
  A torpor snail (Lair:5)
  9 elephants
  11 naga magi
  A kobold demonologist (D:11)
  Maggie (Lair:2)
  8 cane toads
  An efreet (D:15)
  An unseen horror (D:9)
  A freezing wraith (D:15)
  2 rime drakes
  8 komodo dragons
  9 trolls
  A hornet (D:10)
  Grinder (D:4)
  A wolf spider simulacrum (D:15)
  17 blink frogs
  7 dream sheep (Lair:5)
  A jumping spider (shapeshifter) (D:13)
  Sigmund (D:5)
  10 slime creatures
  A centaur simulacrum (D:15)
  2 vampires
  2 water elementals (D:14)
  43 yaks
  9 fire bats (Volcano)
  8 humans (D:14)
  5 wyverns
  3 steam dragons
  2 wraiths
  3 fire elementals (D:14)
  7 basilisks
  10 vampire mosquitoes
  Menkaure (D:5)
  41 nagas
  A warg (Orc:1)
  3 acid dragons
  9 water moccasins
  6 hell hounds
  Duvessa (D:5)
  5 ice beasts (D:7)
  30 orc warriors
  A sky beast (D:8)
  2 black bears
  11 ogres
  4 wolves (Lair:1)
  15 centaurs
  2 phantoms
  6 kobold brigands
  12 bullfrogs
  2 necrophages
  2 scorpions
  10 wights
  Dowan (D:5)
  2 killer bees (D:10)
  6 howler monkeys
  6 electric eels
  8 lava snakes
  5 hounds
  2 gnoll boudas
  30 orc priests
  4 jellies (Lair:5)
  26 orc wizards
  Ijyb (D:5)
  Terence (D:2)
  7 hell rats (Lair:2)
  An iguana (D:4)
  16 gnolls
  4 adders
  3 white imps
  2 ufetubi
  A worm (D:4)
  A dart slug (D:2)
  75 orcs
  10 endoplasms
  3 giant cockroaches
  16 goblins
  2 hobgoblins
  5 jackals
  4 quokkas
  6 ball pythons
  5 bats
  6 frilled lizards
  36 kobolds
  7 rats
  A bush (Lair:3)
871 creatures vanquished.

Vanquished Creatures (collateral kills)
  Rupert (D:15)
  A slime creature (D:15)
  An orc warrior (Orc:2)
  An orc priest (Orc:2)
4 creatures vanquished.

Vanquished Creatures (others)
  A water elemental (D:14)
  A human (D:14)
  A kobold (D:11)
  A bush (Snake:1)
  19 fungi
  50 plants
73 creatures vanquished.

Grand Total: 948 creatures vanquished

Notes
Turn   | Place    | Note
-------+----------+-------------------------------------------
     0 | D:1      | Illumine the Gnoll Monk began the quest for the Orb.
     0 | D:1      | Reached XP level 1. HP: 23/23 MP: 1/1
    61 | D:1      | Reached XP level 2. HP: 29/29 MP: 2/2
   420 | D:2      | Reached XP level 3. HP: 10/35 MP: 2/4
   576 | D:2      | Reached skill level 1 in Invocations
   786 | D:2      | Reached skill level 1 in Short Blades
   786 | D:2      | Reached skill level 1 in Long Blades
   786 | D:2      | Reached skill level 1 in Axes
   786 | D:2      | Reached skill level 1 in Maces & Flails
   786 | D:2      | Reached skill level 1 in Staves
   786 | D:2      | Reached skill level 1 in Ranged Weapons
   786 | D:2      | Reached skill level 1 in Throwing
   786 | D:2      | Reached skill level 1 in Armour
   786 | D:2      | Reached skill level 1 in Shields
   786 | D:2      | Reached skill level 1 in Unarmed Combat
   786 | D:2      | Reached skill level 1 in Spellcasting
   786 | D:2      | Reached skill level 1 in Evocations
   827 | D:2      | Noticed Terence
   964 | D:3      | Reached XP level 4. HP: 19/41 MP: 5/5
  1171 | D:4      | Reached skill level 1 in Conjurations
  1171 | D:4      | Reached skill level 1 in Hexes
  1171 | D:4      | Reached skill level 1 in Summonings
  1171 | D:4      | Reached skill level 1 in Necromancy
  1171 | D:4      | Reached skill level 1 in Translocations
  1171 | D:4      | Reached skill level 1 in Transmutations
  1171 | D:4      | Reached skill level 1 in Fire Magic
  1171 | D:4      | Reached skill level 1 in Ice Magic
  1171 | D:4      | Reached skill level 1 in Air Magic
  1171 | D:4      | Reached skill level 1 in Earth Magic
  1171 | D:4      | Reached skill level 1 in Poison Magic
  1292 | D:4      | Noticed Grinder
  2002 | D:4      | Reached XP level 5. HP: 47/47 MP: 7/7
  2524 | D:5      | Entered Level 5 of the Dungeon
  2524 | D:5      | Noticed an ogre
  2531 | D:5      | Killed an ogre
  2532 | D:5      | Reached XP level 6. HP: 49/53 MP: 8/8
  2751 | D:4      | Reached XP level 7. HP: 47/60 MP: 10/10
  2835 | D:4      | Found a staircase to the Ecumenical Temple.
  2852 | Temple   | Entered the Ecumenical Temple
  2904 | Temple   | Became a worshipper of Gozag Ym Sagoz the Greedy
  3077 | D:4      | Killed Grinder
  3078 | D:4      | Reached skill level 5 in Stealth
  3373 | D:4      | Reached XP level 8. HP: 15/65 MP: 12/12
  3750 | D:5      | Noticed Sigmund
  3756 | D:5      | Noticed a wyvern
  3941 | D:5      | Noticed Ijyb
  4188 | D:5      | Killed Ijyb
  4199 | D:5      | Noticed Duvessa
  4264 | D:4      | Upgraded the game from 0.30-a0-721-ga6a225c to
                  | 0.30-a0-726-gd89dcf7
  4455 | D:2      | Killed Terence
  4835 | D:5      | Noticed Dowan
  5016 | D:6      | Found a radiant altar of Vehumet.
  5623 | D:7      | Identified the +11 plate armour of Aqonics {rN+ Slay+3}
  5937 | D:7      | Found Junk's Overcharged Wands.
  6051 | D:7      | Found a shadowy altar of Dithmenos.
  6074 | D:7      | Found a transporter.
  6078 | D:7      | Noticed ERRORd11's ghost (amateur TrFi)
  6109 | D:7      | Reached XP level 9. HP: 73/73 MP: 14/14
  6129 | D:7      | Found a transporter.
  6385 | D:7      | Found a bloodstained altar of Trog.
  6767 | D:8      | Reached skill level 5 in Invocations
  6809 | D:8      | Learned a level 2 spell: Blink
  6851 | D:8      | Found a basalt altar of Yredelemnul.
  6857 | D:8      | Found a glowing silver altar of Zin.
  6862 | D:8      | Found a blossoming altar of Fedhas.
  6965 | D:8      | Found a glowing golden altar of the Shining One.
  7016 | D:8      | Reached skill level 5 in Short Blades
  7016 | D:8      | Reached skill level 5 in Long Blades
  7016 | D:8      | Reached skill level 5 in Axes
  7016 | D:8      | Reached skill level 5 in Maces & Flails
  7016 | D:8      | Reached skill level 5 in Staves
  7016 | D:8      | Reached skill level 5 in Ranged Weapons
  7016 | D:8      | Reached skill level 5 in Throwing
  7016 | D:8      | Reached skill level 5 in Armour
  7016 | D:8      | Reached skill level 5 in Shields
  7016 | D:8      | Reached skill level 5 in Unarmed Combat
  7016 | D:8      | Reached skill level 5 in Spellcasting
  7016 | D:8      | Reached skill level 5 in Evocations
  7016 | D:8      | Reached XP level 10. HP: 81/81 MP: 17/17
  7155 | D:8      | Found a stormy altar of Qazlal.
  7376 | D:8      | Identified the +0 robe of Anaesthesia {rPois Int+2
                  | Archmagi}
  7418 | D:8      | Found the +9 staff of Wucad Mu {*channel}
  7719 | D:5      | Killed Duvessa
  7721 | D:5      | Killed Dowan
  7800 | D:5      | Identified the +1 plate armour "Dyat" {SInv}
  7943 | D:5      | Killed Sigmund
  8009 | D:5      | Noticed Menkaure
  8017 | D:5      | Killed Menkaure
  8993 | D:9      | Found an ornate altar of the Wu Jian Council.
  9030 | D:9      | Found a staircase to the Lair.
  9190 | D:9      | Reached skill level 5 in Conjurations
  9190 | D:9      | Reached skill level 5 in Hexes
  9190 | D:9      | Reached skill level 5 in Summonings
  9190 | D:9      | Reached skill level 5 in Necromancy
  9190 | D:9      | Reached skill level 5 in Translocations
  9190 | D:9      | Reached skill level 5 in Transmutations
  9190 | D:9      | Reached skill level 5 in Fire Magic
  9190 | D:9      | Reached skill level 5 in Ice Magic
  9190 | D:9      | Reached skill level 5 in Air Magic
  9190 | D:9      | Reached skill level 5 in Earth Magic
  9190 | D:9      | Reached skill level 5 in Poison Magic
  9249 | D:9      | Noticed an unseen horror
  9257 | D:9      | Killed an unseen horror
  9258 | D:9      | Reached XP level 11. HP: 85/89 MP: 17/20
  9449 | Lair:1   | Entered Level 1 of the Lair of Beasts
  9750 | Lair:1   | Found a dark tunnel.
  9765 | Volcano  | Entered a volcano
 10154 | Volcano  | Noticed a hell hog
 10165 | Volcano  | Killed a hell hog
 10206 | Volcano  | Noticed a fire dragon
 10229 | Volcano  | Killed a fire dragon
 10237 | Volcano  | HP: 4/89 [hell hound (6)]
 10638 | Volcano  | Found a burning altar of Makhleb.
 10838 | Lair:1   | Noticed an eight-headed hydra
 10854 | Lair:1   | Killed a three-headed hydra
 11314 | Lair:1   | Reached XP level 12. HP: 97/97 MP: 22/22
 11701 | Lair:2   | Noticed Maggie
 11710 | Lair:2   | Killed Maggie
 11789 | Lair:2   | Noticed Urug
 11823 | Lair:2   | Killed Urug
 11943 | Lair:2   | Reached skill level 10 in Fighting
 11943 | Lair:2   | Reached skill level 10 in Polearms
 11943 | Lair:2   | Reached skill level 10 in Dodging
 12561 | Lair:2   | Found a staircase to the Shoals.
 12667 | Lair:2   | Identified the +1 pair of boots of Disguise {rElec rF+++
                  | MP-9 SInv}
 13035 | Lair:2   | Bought a +2 buckler of reflection for 277 gold pieces
 13035 | Lair:2   | Bought a +1 cloak of willpower for 247 gold pieces
 13488 | Lair:3   | Noticed a death yak
 13488 | Lair:3   | Noticed a death yak
 13497 | Lair:3   | Noticed a death yak
 13533 | Lair:3   | Killed a death yak
 13535 | Lair:3   | Noticed a death yak
 13540 | Lair:3   | Killed a death yak
 13547 | Lair:3   | Killed a death yak
 13554 | Lair:3   | Killed a death yak
 13638 | Lair:3   | Found a staircase to the Snake Pit.
 14225 | Lair:4   | Found an ancient bone altar of Kikubaaqudgha.
 14235 | Lair:4   | Reached XP level 13. HP: 104/104 MP: 16/25
 15163 | Lair:5   | Entered Level 5 of the Lair of Beasts
 15387 | Lair:5   | Found a staircase to the Slime Pits.
 15850 | Lair:5   | Reached skill level 10 in Stealth
 16052 | Lair:5   | Reached skill level 10 in Invocations
 16052 | Lair:5   | Reached XP level 14. HP: 98/113 MP: 15/27
 17187 | D:10     | Entered Level 10 of the Dungeon
 17253 | D:10     | Noticed Maurice
 17266 | D:10     | Killed Maurice
 17291 | D:10     | Found a flagged portal.
 17306 | Bailey   | Entered a bailey
 17457 | Bailey   | Found a large runed translucent door.
 17457 | Bailey   | Found a large runed translucent door.
 17459 | Bailey   | Found the +2 pair of slick slippers {slick, slippery, EV+5}
 17628 | Bailey   | Identified the +1 halberd "Tormentor" {heavy, Str+4}
 17905 | D:10     | Found a staircase to the Orcish Mines.
 18044 | D:10     | Noticed Joseph
 18099 | D:10     | Killed Joseph
 18204 | D:10     | Got the Verses on Shaping
 18205 | D:10     | Identified the ring of Junoyrim {rN+ SInv}
 18208 | D:10     | Got Vehumet's Treatise on Energy
 18774 | D:10     | Found an iron altar of Okawaru.
 18783 | D:10     | Found a hide-covered altar of Uskayaw.
 18825 | Orc:1    | Entered Level 1 of the Orcish Mines
 18873 | Orc:1    | Noticed an orc warlord
 18900 | Orc:1    | Killed an orc warlord
 19207 | Orc:2    | Entered Level 2 of the Orcish Mines
 20031 | Orc:2    | Found a staircase to the Elven Halls.
 20642 | Orc:2    | Reached skill level 10 in Short Blades
 20642 | Orc:2    | Reached skill level 10 in Long Blades
 20642 | Orc:2    | Reached skill level 10 in Axes
 20642 | Orc:2    | Reached skill level 10 in Maces & Flails
 20642 | Orc:2    | Reached skill level 10 in Staves
 20642 | Orc:2    | Reached skill level 10 in Ranged Weapons
 20642 | Orc:2    | Reached skill level 10 in Throwing
 20642 | Orc:2    | Reached skill level 10 in Armour
 20642 | Orc:2    | Reached skill level 10 in Shields
 20642 | Orc:2    | Reached skill level 10 in Unarmed Combat
 20642 | Orc:2    | Reached skill level 10 in Spellcasting
 20642 | Orc:2    | Reached skill level 10 in Evocations
 20669 | Orc:2    | Noticed an orc warlord
 20700 | Orc:2    | Killed an orc warlord
 20812 | Orc:2    | Reached XP level 15. HP: 113/120 MP: 25/29
 20943 | Orc:2    | Found Miapes's General Store.
 20944 | Orc:2    | Found Rammuy's Magic Scroll Shoppe.
 20945 | Orc:2    | Found Qodwoema's Antique Armour Shoppe.
 20949 | Orc:2    | Found Yliatan's Antique Weapon Emporium.
 20955 | Orc:2    | Bought a scroll of identify for 22 gold pieces
 20955 | Orc:2    | Bought a scroll of enchant weapon for 82 gold pieces
 21633 | D:11     | Found a portal to a secret trove of treasure.
 21927 | D:11     | Found a transporter.
 21933 | D:11     | Found a transporter.
 21950 | D:11     | Found a transporter.
 21978 | D:11     | Found a transporter.
 22163 | D:12     | Identified the +5 long sword of the Heavens {heavy, *Noise
                  | Int+4 Dex+4}
 22921 | Lair:1   | Bought an embroidered hat for 147 gold pieces
 22921 | Lair:1   | Bought a masterwork kite shield for 199 gold pieces
 22921 | Lair:1   | Identified the +1 kite shield of the Devouring Gods {rPois
                  | Regen+ rCorr} (You bought it in a shop on level 1 of the
                  | Lair of Beasts)
 23846 | D:14     | Noticed Nessos
 24153 | D:14     | Killed Nessos
 24165 | D:14     | Noticed Azrael
 24176 | D:14     | Killed Azrael
 24610 | D:14     | Noticed Kirke
 24623 | D:14     | Killed Kirke
 24643 | D:14     | Found a gate to the Vaults.
 24959 | D:15     | Entered Level 15 of the Dungeon
 24996 | D:15     | Reached XP level 16. HP: 129/129 MP: 30/30
 25135 | D:15     | Noticed Rupert
 25149 | D:15     | Killed Rupert
 25713 | D:15     | Found a staircase to the Depths.
 26284 | Shoals:1 | Entered Level 1 of the Shoals
 26284 | Shoals:1 | Found Puighume's Jewellery Shop.
 26345 | Snake:1  | Entered Level 1 of the Snake Pit
 26345 | Snake:1  | Found Zubiz's Gadget Gallery.
 26437 | Snake:1  | Upgraded the game from 0.30-a0-726-gd89dcf7 to
                  | 0.30-a0-728-gc68057b
 27041 | Snake:1  | Found Akhlothriv's Book Boutique.
 27041 | Snake:1  | Found Mikhowik's Jewellery Shoppe.
 27042 | Snake:1  | Found Meamim Atsi's Jewellery Shoppe.
 27051 | Snake:1  | Bought the amulet of the Four Winds {rN+ Will+++ Clar} for
                  | 849 gold pieces
 27051 | Snake:1  | Found the amulet of the Four Winds {rN+ Will+++ Clar}
 27224 | Snake:1  | Noticed Aizul
 27239 | Snake:1  | Killed Aizul
 27691 | Snake:2  | Noticed a nagaraja
 27697 | Snake:1  | Killed a nagaraja
 27878 | Snake:2  | Identified the ring "Joan" {rN+ Will+ rCorr}
 28145 | Snake:2  | Noticed Nikola
 28162 | Snake:2  | Killed Nikola
 28571 | Snake:3  | Reached XP level 17. HP: 136/137 MP: 32/32
 29054 | Snake:3  | Reached skill level 10 in Conjurations
 29054 | Snake:3  | Reached skill level 10 in Hexes
 29054 | Snake:3  | Reached skill level 10 in Summonings
 29054 | Snake:3  | Reached skill level 10 in Necromancy
 29054 | Snake:3  | Reached skill level 10 in Translocations
 29054 | Snake:3  | Reached skill level 10 in Transmutations
 29054 | Snake:3  | Reached skill level 10 in Fire Magic
 29054 | Snake:3  | Reached skill level 10 in Ice Magic
 29054 | Snake:3  | Reached skill level 10 in Air Magic
 29054 | Snake:3  | Reached skill level 10 in Earth Magic
 29054 | Snake:3  | Reached skill level 10 in Poison Magic
 29605 | Snake:4  | Entered Level 4 of the Snake Pit
 30769 | Snake:4  | HP: 4/138 [nagaraja/poison arrow (26)]
 30770 | Snake:4  | Succumbed to a nagaraja's poison arrow

Illustrated notes

Levels and vault maps discovered:
D:1:      saegor_arrival_simple_a, layout_rooms
D:2:      layout_basic, minmay_box_of_dots, uniq_terence
D:3:      layout_loops_cross, eino_tiny_chamber, kennysheep_generic_room_3
D:4:      layout_gridville, minmay_temple_entry_fiery, minmay_puff, uniq_grinder
D:5:      layout_cave_pools, hangedman_decor_points, minmay_checkerbox,
          uniq_menkaure, uniq_duvessa, uniq_sigmund, uniq_ijyb
D:6:      layout_basic, mainiacjoe_overflow_six_doors_small
D:7:      layout_cave_pools, mainiacjoe_overflow_24_doors,
          grunt_dithmenos_shadows, gammafunk_ghost_arena,
          nicolae_shop_overcharged_wands
D:8:      layout_loops_ring, nicolae_qazlal_style_of_elements,
          minmay_overflow_temple_star_quad, tso_metal_star,
          hangedman_minor_gate_pass
D:9:      layout_gridville, nzn_wu_jian_council_hall, dpeg_oklobed_lair,
          dreamdust_gnoll_shepherd
D:10:     minmay_the_grid_octo_triangle [minmay_the_grid_octo_thin_diamonds,
          minmay_the_grid_octo_prize_ultimate_mussel_roller,
          minmay_the_grid_octo_odd_swirl], layout_gridville,
          mainiacjoe_overflow_swirl, david_orc_5, enter_bailey_5, uniq_joseph,
          uniq_maurice
D:11:     layout_cave_pools, enter_trove_0, nicolae_transporter_intersection
D:12:     layout_loops_ring
D:13:     layout_stronghold
D:14:     nicolae_moon_pools, layout_irregular_city, ximxim_vaults_locker_room,
          minivault_26, uniq_nessos, uniq_kirke, uniq_azrael
D:15:     hangedman_depths_entry_try_elsewhere_first, layout_stronghold,
          grunt_decor_resistance, uniq_rupert
Temple:   chequers_temple_sunken
Lair:1:   layout_long_grid, nicolae_volcano_entry_s_turn, serial_bayou_shore_a
Lair:2:   layout_regular_city, minmay_shoals_entry_centaurs,
          bh_autumn_forest_stairs, serial_bayou_shore_b, uniq_urug, uniq_maggie
Lair:3:   layout_chaotic_city, nicolae_snake_entry_warm_welcome, wad_woods_06
Lair:4:   layout_regular_city, basic_altar
Lair:5:   evilmike_catoblepas_cave, layout_regular_city,
          nicolae_slime_entry_slimehenge
Shoals:1: layout_shoals, serial_shops, nicolae_shop_advertising_works
          [nicolae_subvault_shop_adworks], nicolae_shop_stone, shop,
          nicolae_specific_store, uniq_jorgrun
Snake:1:  layout_basic, nicolae_shop_gadgets, minmay_shop_grove, uniq_aizul
Snake:2:  layout_cave_shapes, uniq_nikola
Snake:3:  layout_layer_cave
Snake:4:  snake_pit, layout_misc_corridors
Orc:1:    layout_caves
Orc:2:    st_orc_mages, layout_caves

Skill      XL: |  1  2  3  4  5  6  7  8  9 10 11 12 13 14 15 16 17 |
---------------+----------------------------------------------------+-----
Invocations    | 1 2 3 4 5 6 7 8 10 11 12 13 | 13.3
Short Blades   | 1 2 3 5 6 7 8 9 10 11 12 | 12.3
Long Blades    | 1 2 3 5 6 7 8 9 10 11 12 | 12.3
Axes           | 1 2 3 5 6 7 8 9 10 11 12 | 12.3
Maces & Flails | 1 2 3 5 6 7 8 9 10 11 12 | 12.3
Staves         | 1 2 3 5 6 7 8 9 10 11 12 | 12.3
Ranged Weapons | 1 2 3 5 6 7 8 9 10 11 12 | 12.3
Throwing       | 1 2 3 5 6 7 8 9 10 11 12 | 12.3
Armour         | 1 2 3 5 6 7 8 9 10 11 12 | 12.3
Shields        | 1 2 3 5 6 7 8 9 10 11 12 | 12.3
Unarmed Combat | 1 2 3 5 6 7 8 9 10 11 12 | 12.3
Spellcasting   | 1 2 3 5 6 7 8 9 10 11 12 | 12.3
Evocations     | 1 2 3 5 6 7 8 9 10 11 12 | 12.3
Conjurations   | 1 2 3 4 5 6 7 8 9 10 | 10.4
Hexes          | 1 2 3 4 5 6 7 8 9 10 | 10.4
Summonings     | 1 2 3 4 5 6 7 8 9 10 | 10.4
Necromancy     | 1 2 3 4 5 6 7 8 9 10 | 10.4
Translocations | 1 2 3 4 5 6 7 8 9 10 | 10.4
Transmutations | 1 2 3 4 5 6 7 8 9 10 | 10.4
Fire Magic     | 1 2 3 4 5 6 7 8 9 10 | 10.4
Ice Magic      | 1 2 3 4 5 6 7 8 9 10 | 10.4
Air Magic      | 1 2 3 4 5 6 7 8 9 10 | 10.4
Earth Magic    | 1 2 3 4 5 6 7 8 9 10 | 10.4
Poison Magic   | 1 2 3 4 5 6 7 8 9 10 | 10.4
Fighting       | 7 8 9 10 11 12 13 | 13.8
Polearms       | 7 8 9 10 11 12 13 | 13.8
Dodging        | 7 8 9 10 11 12 13 | 13.8
Stealth        | 5 6 7 8 9 10 11 12 13 | 13.0

Action                     |  1- 3 |  4- 6 |  7- 9 | 10-12 | 13-15 | 16-18 || total
---------------------------+-------+-------+-------+-------+-------+-------++-------
  Melee: Spear             |   130 |   204 |   356 |       |       |       ||   690
         Bite              |     7 |    24 |    66 |    78 |   159 |    84 ||   418
         Punch             |     3 |     5 |    20 |    19 |       |       ||    47
         Trident           |       |       |    91 |   384 |       |       ||   475
         Triple sword      |       |       |       |     8 |       |       ||     8
         Demon trident     |       |       |       |   185 |  1198 |   667 ||  2050
  Throw: Boomerang         |       |    20 |    15 |    33 |     7 |    68 ||   143
         Throwing net      |       |     2 |       |       |       |       ||     2
         Javelin           |       |       |       |       |       |     6 ||     6
 Invoke: Potion Petition   |       |       |     1 |     2 |       |     1 ||     4
         Call Merchant     |       |       |       |     1 |     2 |       ||     3
  Evoke: Wand              |       |     3 |    10 |     2 |     1 |       ||    16
         Tin of tremorston |       |       |       |       |     3 |     1 ||     4
         Phantom mirror    |       |       |       |       |     1 |     1 ||     2
    Use: Scroll            |       |     5 |     6 |     7 |    23 |     3 ||    44
         Potion            |       |       |     1 |     1 |       |       ||     2
   Stab: Sleeping          |     7 |     3 |     9 |       |       |       ||    19
         Held in net/web   |       |     4 |       |       |       |       ||     4
         Distracted        |       |       |       |     4 |    13 |     7 ||    24
         Petrified         |       |       |       |       |     1 |       ||     1
 Armour: Robe              |    11 |    16 |     9 |       |       |       ||    36
         Plate armour      |       |       |    74 |   286 |   436 |   263 ||  1059
         Ring mail         |       |       |     4 |    12 |       |       ||    16
  Dodge: Dodged            |    61 |   126 |   212 |   218 |   504 |   352 ||  1473
  Block: Buckler           |       |       |       |    12 |   350 |       ||   362
         Reflection        |       |       |       |     2 |    21 |       ||    23
         Kite shield       |       |       |       |       |   176 |   398 ||   574

Table legend: (Time is in decaauts)
 A = Elapsed time spent in this place.
 B = Non-inter-level travel time spent in this place.
 C = Inter-level travel time spent in this place.
 D = Time resting spent in this place.
 E = Time spent auto-exploring this place.
 F = Levels seen in this place.
 G = Mean time per level.
                   A        B        C        D        E       F      G
               +--------+--------+--------+--------+--------+-----+--------+
         Total |  30494 |  28442 |   2052 |   3508 |  17499 |  30 | 1016.5 |
       Dungeon |  15704 |  14340 |   1364 |   2106 |   8477 |  15 | 1046.9 |
        Temple |     71 |     71 |      0 |      0 |      4 |   1 |   71.0 |
          Lair |   6668 |   6214 |    454 |    359 |   4475 |   5 | 1333.6 |
        Shoals |      1 |      1 |      0 |      0 |      0 |   1 |    1.0 |
     Snake Pit |   4453 |   4346 |    107 |    545 |   2564 |   4 | 1113.2 |
  Orcish Mines |   2325 |   2200 |    125 |    151 |   1566 |   2 | 1162.5 |
        Bailey |    381 |    381 |      0 |     49 |    131 |   1 |  381.0 |
       Volcano |    886 |    886 |      0 |    297 |    281 |   1 |  886.0 |
               +--------+--------+--------+--------+--------+-----+--------+

Top non-repeatable levels by time:
  Lair:5: 1837 daAuts
     D:4: 1815 daAuts
 Snake:3: 1670 daAuts
   Orc:2: 1476 daAuts
  Lair:2: 1455 daAuts
    D:10: 1422 daAuts
 Snake:1: 1370 daAuts
     D:9: 1330 daAuts
  Lair:1: 1230 daAuts
     D:5: 1197 daAuts
    D:15: 1162 daAuts
  Lair:4: 1153 daAuts
    D:14: 1129 daAuts
     D:3: 1102 daAuts
     D:7: 1013 daAuts
